 Dungeon Crawl Stone Soup version 0.30-a0-1160-g6e42c06551 (webtiles) character file.

Game seed: 2561243630802310496

360 senseless the Digger (level 6, -3/32 HPs)
             Began as a Gargoyle Earth Elementalist on Apr 26, 2023.
             Slain by an orc wizard
             ... wielding a +0 mace
              (5 damage)
             ... on level 4 of the Dungeon.
             The game lasted 00:12:34 (3842 turns).

senseless the Digger (Gargoyle Earth Elementalist)  Turns: 3842, Time: 00:12:35

Health: -3/32      AC:  8    Str: 12    XL:     6   Next: 65%
Magic:  1/11       EV: 12    Int: 17    God:
Gold:   135        SH:  0    Dex: 10    Spells: 8/12 levels left

rFire   . . .        u - +2 whip (elec)
rCold   . . .        (no shield)
rNeg    + . .        a - +0 robe
rPois   ∞            p - +1 helmet
rElec   +            r - scarf {repulsion}
rCorr   .            (no gloves)
SInv    .            (no boots)
Will    .....        (no amulet)
Stlth   ++           (no ring)
HPRegen 0.25/turn    (no ring)
MPRegen 0.12/turn

%: repel missiles
@: no status effects
A: sickness immunity, AC +4, negative energy resistance 1, electricity
resistance, torment resistance 1, petrification resistance
a: no special abilities


You were on level 4 of the Dungeon.
You visited 1 branch of the dungeon, and saw 4 of its levels.

You collected 135 gold pieces.

Inventory:

Hand Weapons
 l - a +0 short sword
 m - a +1 dagger of electrocution
 u - a +2 whip of electrocution (weapon)
Armour
 a - a +0 robe (worn)
 g - a +0 tower shield
 p - a +1 helmet (worn)
 r - a scarf of repulsion (worn)
Scrolls
 c - 4 scrolls of blinking {unknown}
 e - 2 scrolls of teleportation {unknown}
 h - 4 scrolls of fog {unknown}
 i - a scroll of poison {unknown}
 k - a scroll of noise {unknown}
 o - a scroll of identify {unknown}
 s - a scroll of magic mapping {unknown}
 t - a scroll of brand weapon {unknown}
Potions
 d - 2 potions of curing {unknown}
 f - a potion of lignification {unknown}
 j - a potion of might {unknown}
 n - a potion of cancellation {unknown}
 q - a potion of resistance {unknown}


   Skills:
 + Level 3.1 Dodging
 - Level 2.1 Stealth
 + Level 3.5 Spellcasting
 + Level 2.3 Conjurations
 - Level 1.8 Transmutations
 + Level 5.2 Earth Magic


You had 8 spell levels left.
You knew the following spells:

 Your Spells              Type           Power      Damage    Failure   Level
a - Sandblast             Erth           42%        2d11      1%          1
b - Stone Arrow           Conj/Erth      30%        3d8       11%         3

Your spell library contained the following spells:

 Spells                   Type           Power      Damage    Failure   Level
 Passwall                 Tmut/Erth      12%        N/A       6%          2
 Petrify                  Tmut/Erth      15%        N/A       36%         4
 Dispel Undead            Necr           3%         3d7       86%         4
 Death Channel            Necr           1%         N/A       100%        6
 Cigotuvi's Dreadful Rot  Necr/Pois/Air  Unusable   N/A       N/A         2

Dungeon Overview and Level Annotations

Branches:
Dungeon (4/15)
 Temple: D:4-7

Altars:
Makhleb
Zin


Innate Abilities, Weirdness & Mutations

You are immune to sickness and miasma.
Your stone body is resilient. (AC +4)
You are immune to poison.
You resist negative energy. (rN+)
You are resistant to electric shocks. (rElec)
You are resistant to unholy torment.
You are immune to petrification.


Message History

Press: ? - help, Shift-Dir - straight line The blast of sand hits something.
Something hits you. Something hits you but does no damage.
Casting: Sandblast (safe; 1% risk of failure)
Confirm with . or Enter, or press ? or * to list all spells.
Aiming: Sandblast (safe; 1% risk of failure)
Press: ? - help, Shift-Dir - straight line The blast of sand hits something but does no damage.
Something hits you but does no damage.
You barely miss something. Something hits you.
You closely miss something.
You hear some strange, mumbled words.
A magic dart appears from out of thin air!
The magic dart hits you!
Casting: Sandblast (safe; 1% risk of failure)
Confirm with . or Enter, or press ? or * to list all spells.
You don't have enough magic to cast this spell.
You closely miss something. Something hits you.
Casting: Sandblast (safe; 1% risk of failure)
Confirm with . or Enter, or press ? or * to list all spells.
Aiming: Sandblast (safe; 1% risk of failure)
Press: ? - help, Shift-Dir - straight line The blast of sand hits something.
Something hits you.
Casting: Sandblast (safe; 1% risk of failure)
Confirm with . or Enter, or press ? or * to list all spells.
Aiming: Sandblast (safe; 1% risk of failure)
Press: ? - help, Shift-Dir - straight line The blast of sand hits something!
Something hits you but does no damage. Something hits you.
* * * LOW HITPOINT WARNING * * *
You barely miss something. Something hits you but does no damage.
You barely miss something.
You hear some strange, mumbled words.
A magic dart appears from out of thin air!
The magic dart hits you.
* * * LOW HITPOINT WARNING * * *
You hit something.
An orc wizard appears from thin air!
Reactivating autopickup.
The orc wizard hits you with a +0 mace.
You die...

#..# #~~
#.~~~.......### #.. #.#
#.[#........# .. #.#
#.......>...# #.#
##..........#
####.#####.###..†...###
........##.#
#........##
...........#
#....).#.P.
.........###
#.....~~~~~ .######@##
###.P~~.~~~ #o#
#..~~~~≈≈ #?. #.P~.~~~≈
.... #..P~~.~. .....
#...♣~~P~ .......
####....♣..
.......##.......###
........##..........
#.......###


You could see an orc wizard.

Vanquished Creatures
  A scorpion (D:4)
  A hound (D:3)
  An orc priest (D:4)
  A jelly (D:4)
  2 adders
  8 gnolls
  An ufetubus (D:4)
  3 worms
  4 dart slugs
  12 orcs
  6 endoplasms
  4 giant cockroaches
  5 goblins
  6 hobgoblins
  3 jackals (D:1)
  A quokka (D:1)
  11 ball pythons
  5 bats
  3 frilled lizards
  2 kobolds
  7 rats
  A spectral hobgoblin (D:2)
88 creatures vanquished.

Vanquished Creatures (others)
  2 plants (D:4)
2 creatures vanquished.

Grand Total: 90 creatures vanquished

Notes
Turn   | Place    | Note
-------+----------+-------------------------------------------
     0 | D:1      | senseless the Gargoyle Earth Elementalist began the quest
                  | for the Orb.
     0 | D:1      | Reached XP level 1. HP: 10/10 MP: 3/3
   129 | D:1      | Reached skill level 1 in Transmutations
   129 | D:1      | Reached XP level 2. HP: 15/15 MP: 0/5
   288 | D:1      | Reached skill level 4 in Earth Magic
   371 | D:1      | Reached XP level 3. HP: 18/19 MP: 3/6
  1231 | D:2      | Reached XP level 4. HP: 24/24 MP: 5/7
  1343 | D:2      | Found a faded altar of an unknown god.
  2812 | D:3      | Learned a level 3 spell: Stone Arrow
  2828 | D:3      | Found a burning altar of Makhleb.
  2829 | D:3      | Found a glowing silver altar of Zin.
  2829 | D:3      | Noticed an angel
  2838 | D:3      | Noticed a balrug
  3033 | D:3      | Reached XP level 5. HP: 28/28 MP: 6/9
  3255 | D:4      | Reached skill level 1 in Conjurations
  3264 | D:3      | HP: 1/28 [orc/+0 hand axe (6)]
  3638 | D:4      | Reached skill level 5 in Earth Magic
  3638 | D:4      | Reached XP level 6. HP: 30/32 MP: 2/11
  3841 | D:4      | HP: 1/32 [something/magic dart (6)]
  3842 | D:4      | Slain by an orc wizard

Illustrated notes

Levels and vault maps discovered:
D:1:      moated_graveyard_arrival, layout_loops_ring
D:2:      layout_basic, dreamdust_ecumenical_altar_drowned_temple
D:3:      layout_basic, grunt_temple_overflow_order_and_chaos_2
D:4:      layout_rooms, nicolae_overflow_hidden_temple, serial_bayou_pond_b,
          grunt_decor_junction, minmay_manual_mullet

Skill      XL: |  1  2  3  4  5  6 |
---------------+-------------------+-----
Transmutations | 1 |  1.8
Earth Magic    | 4 5 |  5.2
Dodging        | 2 3 |  3.1
Spellcasting   | 3 |  3.5
Conjurations   | 2 |  2.3
Stealth        | |  2.1

Action                     |  1- 3 |  4- 6 || total
---------------------------+-------+-------++-------
  Melee: Unarmed           |    43 |       ||    43
         Punch             |     1 |       ||     1
         Whip              |       |     8 ||     8
   Cast: Sandblast         |    48 |    88 ||   136
         Stone Arrow       |       |     2 ||     2
    Use: Potion            |       |     1 ||     1
 Armour: Robe              |    19 |    29 ||    48
  Dodge: Dodged            |    39 |    38 ||    77
         Repelled          |       |     1 ||     1

Table legend: (Time is in decaauts)
 A = Elapsed time spent in this place.
 B = Non-inter-level travel time spent in this place.
 C = Inter-level travel time spent in this place.
 D = Time resting spent in this place.
 E = Time spent auto-exploring this place.
 F = Levels seen in this place.
 G = Mean time per level.
                   A        B        C        D        E       F      G
               +--------+--------+--------+--------+--------+-----+--------+
         Total |   3936 |   3459 |    477 |     42 |   2858 |   4 |  984.0 |
       Dungeon |   3936 |   3459 |    477 |     42 |   2858 |   4 |  984.0 |
               +--------+--------+--------+--------+--------+-----+--------+

Top non-repeatable levels by time:
     D:3: 1346 daAuts
     D:2: 1131 daAuts
     D:1: 1094 daAuts
     D:4: 364 daAuts
